 Dungeon Crawl Stone Soup version 0.24-a0-779-g36f0aeb843 (webtiles) character file.

Game seed: 18072997015270769899, levelgen mode: deterministic

1272 Kohma the Chucker (level 8, -1/58 HPs)
             Began as a Gnoll Wanderer on Oct 8, 2019.
             Was an Initiate of Okawaru.
             Slain by an iguana (7 damage)
             ... on level 5 of the Dungeon.
             The game lasted 00:17:35 (6764 turns).

Kohma the Chucker (Gnoll Wanderer)                  Turns: 6764, Time: 00:17:36

Health: -1/58      AC:  5    Str: 12    XL:     8   Next: 53%
Magic:  9/14       EV: 14    Int: 16    God:    Okawaru [......]
Gold:   274        SH:  0    Dex: 15    Spells: 8/15 levels left

rFire    . . .     SeeInvis .   D - +4 hunting sling
rCold    . . .     Gourm    .   (no shield)
rNeg     . . .     Faith    .   n - +0 leather armour
rPois    .         Spirit   .   v - +0 helmet
rElec    .         Reflect  .   E - +0 cloak
rCorr    .         Harm     .   (no gloves)
MR       .....     Rnd*Tele +   (no boots)
Stlth    +++.......             (no amulet)
HPRegen  0.19/turn              e - ring of teleportation (curse)
MPRegen  0.14/turn              q - -3 ring of strength (curse)

@: no status effects
A: distributed training, fangs 1, strong nose
a: Renounce Religion


You were on level 5 of the Dungeon.
You worshipped Okawaru.
Okawaru was noncommittal.
You were not hungry.

You visited 2 branches of the dungeon, and saw 7 of its levels.

You collected 274 gold pieces.

Inventory:

Hand Weapons
 f - a +0 dagger
 s - a +0 hunting sling
 u - a +0 falchion
 A - a +1 whip of electrocution
 D - a +4 hunting sling (weapon)
Missiles
 a - 33 bolts
 i - 183 stones (quivered)
 m - 30 poisoned darts
 o - 26 arrows
 w - a silver boomerang
 z - 70 sling bullets
Armour
 n - a +0 leather armour (worn)
 v - a +0 helmet (worn)
 y - a +0 large shield
 E - a +0 cloak (worn)
Jewellery
 e - a cursed ring of teleportation (left hand)
 p - an uncursed ring of positive energy
 q - a cursed -3 ring of strength (right hand)
 x - an uncursed ring of flight
 C - a +4 ring of intelligence {unknown}
Wands
 r - a wand of digging (5)
Scrolls
 d - 2 scrolls of enchant weapon
 h - 2 scrolls of teleportation
 F - a scroll of amnesia
Potions
 b - 2 potions of flight
 c - 2 potions of lignification
 j - 3 potions of might
 k - a potion of mutation {unknown}
 l - 2 potions of resistance
 B - a potion of ambrosia
Comestibles
 g - 8 rations
 t - a chunk of flesh


   Skills:
 + Level 3.3 Fighting
 + Level 3.3 Short Blades
 + Level 3.3 Long Blades
 + Level 3.3 Axes
 + Level 3.3 Maces & Flails
 + Level 3.3 Polearms
 + Level 3.3 Staves
 + Level 3.3 Slings
 + Level 3.3 Bows
 + Level 3.3 Crossbows
 + Level 5.7 Throwing
 + Level 3.3 Armour
 + Level 4.2 Dodging
 + Level 5.4 Stealth
 + Level 3.3 Shields
 + Level 3.3 Unarmed Combat
 + Level 4.4 Spellcasting
 + Level 2.6 Conjurations
 + Level 2.6 Hexes
 + Level 2.6 Charms
 + Level 2.6 Summonings
 + Level 4.7 Necromancy
 + Level 2.6 Translocations
 + Level 2.6 Transmutations
 + Level 4.7 Fire Magic
 + Level 2.6 Ice Magic
 + Level 2.6 Air Magic
 + Level 2.6 Earth Magic
 + Level 2.6 Poison Magic
 + Level 3.6 Invocations
 + Level 3.3 Evocations


You had 8 spell levels left.
You knew the following spells:

 Your Spells              Type           Power        Failure   Level  Hunger
a - Flame Tongue          Conj/Fire      ###..        4%          1    None
b - Sandblast             Erth           ##....       7%          1    None
c - Throw Flame           Conj/Fire      ###...       7%          2    ##.....
d - Conjure Flame         Conj/Fire      ###.....     14%         3    ###....

Your spell library contained the following spells:

 Spells                   Type           Power        Failure   Level  Hunger
 Animate Skeleton         Necr           N/A          3%          1    None
 Pain                     Necr           ###.         3%          1    None
 Vampiric Draining        Necr           ###.......   9%          3    ###....
 Inner Flame              Hex/Fire       ###.....     14%         3    ###....
 Regeneration             Chrm/Necr      ###.......   14%         3    ###....
 Stone Arrow              Conj/Erth      ##....       21%         3    ###....
 Animate Dead             Necr           N/A          30%         4    ####...
 Sticky Flame             Conj/Fire      ###.....     41%         4    ####...
 Fireball                 Conj/Fire      ###.......   77%         5    ######.


Dungeon Overview and Level Annotations

Branches:
Dungeon (6/15)             Temple (1/1) D:5

Altars:
Ashenzari
Cheibriados
Dithmenos
Elyvilon
Fedhas
Gozag
Hepliaklqana
Kikubaaqudgha
Makhleb
Nemelex Xobeh
Okawaru
Qazlal
Ru
Sif Muna
Trog
Uskayaw
Vehumet
Xom
Yredelemnul
Zin
The Shining One


Innate Abilities, Weirdness & Mutations

Your experience applies equally to all skills.
You have very sharp teeth.
Your uncanny sense of smell can sniff out nearby items.


Message History

You kill the orc!
Okawaru accepts your kill. The iguana bites you!
* * * LOW HITPOINT WARNING * * *
Casting: Flame Tongue (safe; 4% risk of failure)
Confirm with . or Enter, or press ? or * to list all spells.
Aiming: Flame Tongue (safe; 4% risk of failure)
Press: ? - help, Shift-Dir - straight line, f - iguana
Aim: an iguana The flame tongue hits the iguana but does no damage.
The iguana misses you.
Casting: Flame Tongue (safe; 4% risk of failure)
Confirm with . or Enter, or press ? or * to list all spells.
Aiming: Flame Tongue (safe; 4% risk of failure)
Press: ? - help, Shift-Dir - straight line, f/p - iguana
Aim: an iguana The flame tongue hits the iguana.
The iguana is moderately wounded.
The iguana bites you!
You die...

.........#..........#
.........#..........#
)........#..).......#
.........#..........#
.........)....#'###.#
.........#....#..>รท.#######
.........#................#
....)....#....#[.l<.......#
.........#....#.@.........#
.........#....#...........#
.........#....#....##.....#
.........#....#....##.....#
.........#....#.......^...#
..<......#....#...........#
.........#....#....#########
.........#....#....#.......#
.........#....#....#.......#


You could see an iguana.

Vanquished Creatures
  Grinder (D:5)
  Duvessa (D:5)
  2 ice beasts
  An ogre (D:4)
  Dowan (D:5)
  2 scorpions (D:6)
  3 crimson imps (D:6)
  A hound (D:5)
  3 orc wizards (D:6)
  4 worker ants
  2 hound zombies (D:5)
  A hound skeleton (D:4)
  Robin (D:2)
  8 adders
  A shadow imp (D:6)
  3 oozes
  An adder zombie (D:4)
  2 dart slugs
  4 leopard geckos
  11 orcs
  3 giant cockroaches
  16 goblins
  9 hobgoblins
  2 jackals (D:2)
  7 kobolds
  3 quokkas
  2 ball pythons
  5 bats
  6 frilled lizards
  A jackal zombie (D:5)
  8 rats
115 creatures vanquished.

Notes
Turn   | Place    | Note
-------+----------+-------------------------------------------
     0 | D:1      | Kohma the Gnoll Wanderer began the quest for the Orb.
     0 | D:1      | Kohma set off with the following items: a +0 club, a potion
                  | of lignification, a +0 robe, a +0 dagger, a ration; and the
                  | following spells available to memorise: Flame Tongue, Throw
                  | Flame, Sandblast, Conjure Flame, Inner Flame, Stone Arrow,
                  | Sticky Flame, Fireball
     0 | D:1      | Reached XP level 1. HP: 13/13 MP: 4/4
     4 | D:1      | Learned a level 1 spell: Flame Tongue
     6 | D:1      | Learned a level 1 spell: Sandblast
   324 | D:1      | Reached XP level 2. HP: 17/19 MP: 0/5
   373 | D:1      | Learned a level 2 spell: Throw Flame
   669 | D:1      | Reached XP level 3. HP: 18/25 MP: 1/7
  1359 | D:2      | Reached skill level 1 in Invocations
  1716 | D:2      | Reached skill level 1 in Fighting
  1716 | D:2      | Reached skill level 1 in Short Blades
  1716 | D:2      | Reached skill level 1 in Long Blades
  1716 | D:2      | Reached skill level 1 in Axes
  1716 | D:2      | Reached skill level 1 in Maces & Flails
  1716 | D:2      | Reached skill level 1 in Polearms
  1716 | D:2      | Reached skill level 1 in Staves
  1716 | D:2      | Reached skill level 1 in Slings
  1716 | D:2      | Reached skill level 1 in Bows
  1716 | D:2      | Reached skill level 1 in Crossbows
  1716 | D:2      | Reached skill level 1 in Armour
  1716 | D:2      | Reached skill level 1 in Shields
  1716 | D:2      | Reached skill level 1 in Unarmed Combat
  1716 | D:2      | Reached skill level 1 in Evocations
  1775 | D:2      | Reached XP level 4. HP: 32/32 MP: 3/8
  1983 | D:2      | Noticed Robin
  2014 | D:2      | Killed Robin
  2504 | D:2      | Reached skill level 1 in Conjurations
  2504 | D:2      | Reached skill level 1 in Hexes
  2504 | D:2      | Reached skill level 1 in Charms
  2504 | D:2      | Reached skill level 1 in Summonings
  2504 | D:2      | Reached skill level 1 in Translocations
  2504 | D:2      | Reached skill level 1 in Transmutations
  2504 | D:2      | Reached skill level 1 in Ice Magic
  2504 | D:2      | Reached skill level 1 in Air Magic
  2504 | D:2      | Reached skill level 1 in Earth Magic
  2504 | D:2      | Reached skill level 1 in Poison Magic
  2885 | D:3      | Reached XP level 5. HP: 32/37 MP: 9/9
  3466 | D:4      | Noticed an ogre
  3480 | D:4      | Killed an ogre
  3480 | D:4      | Reached XP level 6. HP: 29/44 MP: 1/11
  4072 | D:5      | Entered Level 5 of the Dungeon
  4121 | D:5      | Reached skill level 5 in Throwing
  4295 | D:5      | Learned a level 3 spell: Conjure Flame
  4301 | D:5      | Noticed an ice beast
  4306 | D:5      | Killed an ice beast
  4391 | D:5      | Reached XP level 7. HP: 50/50 MP: 10/12
  4449 | D:5      | Noticed Dowan
  4452 | D:5      | Noticed Duvessa
  4479 | D:5      | Killed Duvessa
  4485 | D:5      | HP: 1/51 [Dowan/+0 dagger (2)]
  4487 | D:5      | Killed Dowan
  4890 | D:5      | Found a staircase to the Ecumenical Temple.
  5018 | D:5      | Noticed Grinder
  5024 | D:5      | Paralysed by Grinder for 3 turns
  5035 | D:5      | Paralysed by Grinder for 5 turns
  5040 | D:5      | Killed Grinder
  5040 | D:5      | Reached skill level 5 in Stealth
  5543 | Temple   | Entered the Ecumenical Temple
  5825 | Temple   | Became a worshipper of Warmaster Okawaru
  5885 | D:6      | Reached XP level 8. HP: 57/57 MP: 14/14
  6764 | D:5      | Slain by an iguana

Levels and vault maps discovered:
D:1:      lemuel_arrival_funnel, layout_basic, minmay_tromino_mix6
D:2:      layout_loops_ring, uniq_robin
D:3:      layout_loops_ring, minmay_tree_intersection, kennysheep_boxes
D:4:      layout_basic, first_ration
D:5:      layout_gridville, temple_statues, uniq_grinder, uniq_duvessa
D:6:      layout_rooms, gammafunk_ghost_cemetery, minmay_manual_monolith
Temple:   roderic_octagonal_lattice_temple

Skill      XL: |  1  2  3  4  5  6  7  8 |
---------------+-------------------------+-----
Invocations    | 1 2 3 |  3.6
Fighting       | 1 2 3 |  3.3
Short Blades   | 1 2 3 |  3.3
Long Blades    | 1 2 3 |  3.3
Axes           | 1 2 3 |  3.3
Maces & Flails | 1 2 3 |  3.3
Polearms       | 1 2 3 |  3.3
Staves         | 1 2 3 |  3.3
Slings         | 1 2 3 |  3.3
Bows           | 1 2 3 |  3.3
Crossbows      | 1 2 3 |  3.3
Armour         | 1 2 3 |  3.3
Shields        | 1 2 3 |  3.3
Unarmed Combat | 1 2 3 |  3.3
Evocations     | 1 2 3 |  3.3
Spellcasting   | 3 4 |  4.4
Conjurations   | 1 2 |  2.6
Hexes          | 1 2 |  2.6
Charms         | 1 2 |  2.6
Summonings     | 1 2 |  2.6
Translocations | 1 2 |  2.6
Transmutations | 1 2 |  2.6
Ice Magic      | 1 2 |  2.6
Air Magic      | 1 2 |  2.6
Earth Magic    | 1 2 |  2.6
Poison Magic   | 1 2 |  2.6
Dodging        | 3 4 |  4.2
Necromancy     | 4 |  4.7
Fire Magic     | 4 |  4.7
Throwing       | 5 |  5.7
Stealth        | 5 |  5.4

Action                   |  1- 3 |  4- 6 |  7- 9 || total
-------------------------+-------+-------+-------++-------
Melee: Dagger            |    17 |    19 |       ||    36
 Fire: Hunting sling     |       |   138 |   102 ||   240
Throw: Stone             |    13 |       |       ||    13
 Cast: Flame Tongue      |    52 |    31 |    64 ||   147
       Sandblast         |     1 |       |       ||     1
  Use: Scroll            |       |    10 |     5 ||    15
       Potion            |       |       |     2 ||     2
 Stab: Sleeping          |     1 |       |       ||     1
  Eat: Chunk             |     3 |     8 |     4 ||    15
       Ration            |       |       |     1 ||     1
Armor: Robe              |     2 |       |       ||     2
       Leather armour    |    10 |    19 |    39 ||    68
Dodge: Dodged            |    27 |    62 |   100 ||   189

Table legend:
 A = Non-vault XP
 B = Vault XP
 C = Vault XP percentage of total XP
 D = Non-vault monster count
 E = Vault monster count
 F = Vault count percentage of total count
                 A         B        C        D         E       F
            +---------+---------+-------+---------+---------+-------
      Total |    1287 |     531 |  29.2 |      97 |      18 |  15.7
            +---------+---------+-------+---------+---------+-------
        D:1 |      29 |       9 |  23.7 |      14 |       4 |  22.2
        D:2 |      63 |      32 |  33.7 |      23 |      11 |  32.4
        D:3 |      46 |       0 |   0.0 |      15 |       0 |   0.0
        D:4 |     242 |       0 |   0.0 |      11 |       0 |   0.0
        D:5 |     356 |     490 |  57.9 |      20 |       3 |  13.0
        D:6 |     551 |       0 |   0.0 |      14 |       0 |   0.0
            +---------+---------+-------+---------+---------+-------
